 Dungeon Crawl Stone Soup version 0.29-a0-830-gcb1280458a (webtiles) character file.

Game seed: 7420584970851430779

837 Nato the Sneak (level 7, -2/66 HPs)
             Began as a Naga Berserker on July 12, 2022.
             Was a Believer of Trog.
             Slain by an orc warrior
             ... wielding a +0 mace
              (9 damage)
             ... on level 6 of the Dungeon.
             The game lasted 00:10:22 (8311 turns).

Nato the Sneak (Naga Berserker)                     Turns: 8311, Time: 00:10:23

Health: -2/66      AC:  4    Str: 21    XL:     7   Next: 99%
Magic:  7/7        EV: 10    Int: 14    God:    Trog [**....]
Gold:   398        SH:  5    Dex: 10    Spells: 6/6 levels left

rFire   . . .      SeeInvis +   q - +9 quarterstaff "Ydeshryro" {flame, Fragile rC+ rCorr Int+6}
rCold   + . .      Faith    .   (shield currently unavailable)
rNeg    + . .      Spirit   .   j - +1 robe "Hesuebb" {rN+}
rPois   +          Reflect  +   (no helmet)
rElec   .          Harm     .   (no cloak)
rCorr   +          Rampage  .   (no gloves)
Will    .....                   (no barding)
Stlth   +++.......              v - amulet of reflection
HPRegen 0.21/turn               (no ring)
MPRegen 0.10/turn               (no ring)

@: lethally poisoned (-2 -> -13), on berserk cooldown, slowed, very slow
A: AC +2, large, see invisible, deformed body, poison resistance, slowness 2,
spit poison 1, naga tail 1
a: Spit Poison, Renounce Religion, Berserk, Trog's Hand


You were on level 6 of the Dungeon.
You worshipped Trog.
Trog was pleased with you.
You visited 1 branch of the dungeon, and saw 6 of its levels.

You collected 398 gold pieces.

Inventory:

Hand Weapons
 k - a +0 dagger
 q - the +9 quarterstaff "Ydeshryro" (weapon) {flame, Fragile rC+ rCorr Int+6}
   (You found it on level 4 of the Dungeon)

   It burns those it strikes, dealing additional fire damage.
   Int:       It affects your intelligence (+6).
   rC:        It protects you from cold.
   rCorr:     It protects you from acid and corrosion.
   Fragile:   It will be destroyed if unequipped.
Missiles
 h - 12 poisoned darts (quivered)
Armour
 b - a +0 animal skin
 e - a +0 kite shield
 j - the +1 robe "Hesuebb" (worn) {rN+}
   (You found it on level 2 of the Dungeon)

   rN:        It protects you from negative energy.
Jewellery
 v - an amulet of reflection (around neck)
Wands
 p - a wand of iceblast (10)
 x - a wand of digging (3)
Scrolls
 a - a scroll of enchant armour {unknown}
 c - a scroll of blinking {unknown}
 f - 6 scrolls of identify {unknown}
 i - a scroll of acquirement {unknown}
 m - a scroll of teleportation {unknown}
 n - a scroll of magic mapping {unknown}
 r - a scroll of noise {unknown}
 s - a scroll of enchant weapon {unknown}
 t - 2 scrolls of poison {unknown}
Potions
 d - 2 potions of haste {unknown}
 g - 2 potions of resistance {unknown}
 l - 2 potions of degeneration {unknown}
 o - 2 potions of might {unknown}
 u - a potion of invisibility {unknown}
 w - a potion of heal wounds {unknown}


   Skills:
 + Level 4.9 Fighting
 + Level 4.9 Short Blades
 + Level 3.4 Armour
 + Level 3.5 Dodging
 + Level 5.6 Stealth


You had 6 spell levels left.
You didn't know any spells.
Your spell library was empty.

Dungeon Overview and Level Annotations

Branches:
Dungeon (6/15)
 Temple: D:4-7

Altars:
Qazlal
Sif Muna
Zin

Shops:
D:1 [


Innate Abilities, Weirdness & Mutations

Your serpentine skin is tough. (AC +2)
You have supernaturally acute eyesight. (SInv)
Armour fits poorly on your strangely shaped body.
Your system is resistant to poisons. (rPois)
You cover ground very slowly.
You can spit poison.
You have a snake-like lower body.


Message History

The water moccasin bites you. The orc wizard misses you.
You bludgeon the orc wizard!! You burn the orc wizard.
You kill the orc wizard!
Trog accepts your kill.
Trog appreciates your killing of a magic user.
The water moccasin closely misses you. The water moccasin barely misses you.
The orc warrior hits you with a +0 mace.
You are no longer berserk.
You are exhausted.
You feel yourself slow down. The water moccasin closely misses you.
You feel less confused. You block the water moccasin's attack.
The water moccasin bites you but does no damage.
You sock the water moccasin! You burn the water moccasin.
The water moccasin is moderately wounded.
The water moccasin closely misses you.
The orc warrior hits you with a +0 mace!
You block the water moccasin's attack.
The orc warrior hits you with a +0 mace.
You hit the orc warrior but do no damage.
The water moccasin bites you. The orc hits you with a +0 hand axe.
The orc warrior barely misses you. You block the water moccasin's attack.
The orc warrior hits you with a +0 mace!
The orc barely misses you. The water moccasin bites you.
You are poisoned.
The water moccasin poisons you!
You thump the orc warrior! You burn the orc warrior.
The orc warrior is moderately wounded.
You feel extremely sick. You block the water moccasin's attack.
The orc hits you but does no damage.
The orc warrior hits you with a +0 mace!
* * * LOW HITPOINT WARNING * * *
The water moccasin bites you!
* * * LOW HITPOINT WARNING * * *
The orc hits you with a +0 hand axe.
* * * LOW HITPOINT WARNING * * *
The orc hits you with a +0 whip.
* * * LOW HITPOINT WARNING * * *
The orc warrior hits you with a +0 mace!
You die...

.... ... .. ###.### ...
# #.....# # .. #.
#))...# #.. #.
.####.##.)...#### ##.##.
.......oS........ ......
.$.....@o.........##..#.
.####.##o.........##....
###.............##+#..
........######..#.....
#####.....# #..#.....
##.....####..#...#.
+................+.
##...............#.
...##+######..###...


You could see an orc warrior, a water moccasin and 2 orcs.

Vanquished Creatures
  An ice beast (D:5)
  A phantom (D:5)
  A scorpion (D:6)
  2 jellies
  4 hounds
  2 orc priests
  3 iguanas
  2 orc wizards (D:6)
  4 gnolls (D:3)
  8 adders
  A worm (D:2)
  13 orcs
  11 endoplasms
  14 giant cockroaches
  9 hobgoblins
  8 jackals (D:1)
  6 kobolds
  2 quokkas
  12 ball pythons
  6 bats
  7 frilled lizards
  3 goblins
  6 rats
126 creatures vanquished.

Vanquished Creatures (others)
  7 plants (D:1)
7 creatures vanquished.

Grand Total: 133 creatures vanquished

Notes
Turn   | Place    | Note
-------+----------+-------------------------------------------
     0 | D:1      | Nato the Naga Berserker began the quest for the Orb.
     0 | D:1      | Reached XP level 1. HP: 21/21 MP: 1/1
   355 | D:1      | Found Qeiwypt's Armour Shoppe.
   575 | D:1      | Found a faded altar of an unknown god.
   585 | D:1      | Reached XP level 2. HP: 28/28 MP: 2/2
  1230 | D:1      | Reached XP level 3. HP: 34/34 MP: 3/3
  1300 | D:1      | Reached skill level 1 in Stealth
  2328 | D:2      | Identified the +1 robe "Hesuebb" {rN+}
  2483 | D:2      | Reached XP level 4. HP: 40/42 MP: 4/4
  3009 | D:2      | Reached skill level 2 in Stealth
  4321 | D:3      | Reached XP level 5. HP: 50/50 MP: 5/5
  5026 | D:3      | Reached skill level 3 in Stealth
  5361 | D:3      | Reached ** piety under Trog
  5829 | D:4      | Identified the +9 quarterstaff "Ydeshryro" {flame, Fragile
                  | rC+ rCorr Int+6}
  5831 | D:4      | Found a shimmering blue altar of Sif Muna.
  5837 | D:4      | Found a glowing silver altar of Zin.
  5842 | D:4      | Found a stormy altar of Qazlal.
  5877 | D:4      | Reached XP level 6. HP: 57/57 MP: 6/6
  6486 | D:4      | Reached skill level 4 in Stealth
  6698 | D:5      | Entered Level 5 of the Dungeon
  7169 | D:5      | Reached XP level 7. HP: 62/66 MP: 7/7
  7487 | D:5      | Reached skill level 5 in Stealth
  8311 | D:6      | Slain by an orc warrior

Illustrated notes

Levels and vault maps discovered:
D:1:      evilmike_arrival_crescent, layout_loops_ring,
          shapermc_ecumenical_altar_starsandcircs, serial_shops, shop,
          minmay_shallow_snake_nest
D:2:      minmay_roachtagon, layout_loops_cross, grunt_decor_cap, minmay_cut_off
D:3:      layout_loops_ring
D:4:      layout_basic, minmay_overflow_temple_star_quad
D:5:      layout_basic, moated_statue
D:6:      layout_basic, tgw_xom, minmay_temple_entry_overgrown,
          supply_closet_lemuel, kennysheep_generic_room_15

Skill      XL: |  1  2  3  4  5  6  7 |
---------------+----------------------+-----
Stealth        | 1 2 3 4 5 |  5.6
Dodging        | 2 3 |  3.5
Armour         | 2 3 |  3.4
Fighting       | 4 |  4.9
Short Blades   | 4 |  4.9

Action                   |  1- 3 |  4- 6 |  7- 9 || total
-------------------------+-------+-------+-------++-------
Melee: Short sword       |   119 |    72 |       ||   191
       Dagger            |       |   127 |       ||   127
       Punch             |       |     2 |       ||     2
       Quarterstaff      |       |    38 |    33 ||    71
Invok: Berserk           |     8 |     7 |     3 ||    18
 Abil: Spit Poison       |       |     3 |       ||     3
 Stab: Sleeping          |     1 |    10 |       ||    11
Armor: Animal skin       |    21 |    33 |       ||    54
       Robe              |       |    43 |     7 ||    50
Dodge: Dodged            |    57 |   143 |    19 ||   219
Block: Other             |       |       |     6 ||     6

Table legend: (Time is in decaauts)
 A = Elapsed time spent in this place.
 B = Non-inter-level travel time spent in this place.
 C = Inter-level travel time spent in this place.
 D = Time resting spent in this place.
 E = Time spent auto-exploring this place.
 F = Levels seen in this place.
 G = Mean time per level.
                   A        B        C        D        E       F      G
               +--------+--------+--------+--------+--------+-----+--------+
         Total |   9861 |   9308 |    553 |   3683 |   4721 |   6 | 1643.5 |
       Dungeon |   9861 |   9308 |    553 |   3683 |   4721 |   6 | 1643.5 |
               +--------+--------+--------+--------+--------+-----+--------+

Top non-repeatable levels by time:
     D:2: 2839 daAuts
     D:1: 2166 daAuts
     D:3: 1640 daAuts
     D:5: 1638 daAuts
     D:4: 1294 daAuts
     D:6: 283 daAuts
